Cogmind - Beta 13 @@@ ROGUE MODE // 2024.04.03 @ 12:46:52 Player: diguro Result: Destroyed by Y-45 Defender with Beam Rifle Performance ------------- Evolutions (2) 1000 Regions Visited (5) 1000 Robots Destroyed (53) 265 Value Destroyed (1698) 1698 Prototype IDs (0) 0 Alien Tech Used (0) 0 Bonus (202) 202 TOTAL SCORE: 4165 Bonus ------- High Alert Combat Kills 202 Cogmind --------- Core Integrity 0/550 Matter 300/300 Energy 100/100 System Corruption 0% Temperature Cool (9) Movement Walking (1240) Ox16 Location -8/Materials Parts ------- > --- POWER (2) -------- (None) > --- PROPULSION (4) --- Aluminum Leg > --- UTILITY (3) ------ Huge Storage Unit Huge Storage Unit Targeting Computer > --- WEAPON (2) ------- Particle Gun > --- INVENTORY (25) --- Particle Gun Field Laser Peak State ------------ > --- POWER ------------ Light Deuterium Engine Light Nuclear Core > --- PROPULSION ------- Aluminum Leg Aluminum Leg Aluminum Leg Aluminum Leg > --- UTILITY ---------- Compact Matter Pod Sensor Array Targeting Computer > --- WEAPON ----------- Field Laser Shotgun > --- INVENTORY -------- Light Nuclear Core Shield Generator Heavy Particle Cannon Light Assault Rifle Rocket Launcher [Rating: 21] Favorites ----------- Power Light Ion Engine Engine Light Ion Engine Power Core Light Nuclear Core Propulsion Aluminum Leg Leg Aluminum Leg Utility Targeting Computer Device Sensor Array Storage High-capacity Storage Unit Processor Targeting Computer Protection Hardened Medium Armor Plating Weapon Assault Rifle Energy Gun Field Laser Energy Cannon Heavy Particle Cannon Ballistic Gun Assault Rifle Launcher Rocket Launcher Build | -11 -10 -10 -10 -9 -8 ------- Run | Yrd Mat Min Exi Min Mat Slots Evolved 4 | . . . . . 4 Power 1 | . . . . . 1 Propulsion 2 | . . . . . 2 Utility 1 | . . . . . 1 Weapon . | . . . . . . Parts Attached 57 | 7 2 2 1 10 35 Power 11 | 1 . . . 2 8 Engine 9 | 1 . . . 1 7 Core 2 | . . . . 1 1 Reactor . | . . . . . . Propulsion 16 | 2 . 1 . 2 11 Treads . | . . . . . . Leg 16 | 2 . 1 . 2 11 Wheel . | . . . . . . Hover . | . . . . . . Flight . | . . . . . . Utility 13 | 1 2 1 1 4 4 Device 3 | . 1 . . 1 1 Storage 8 | 1 . 1 1 3 2 Processor 1 | . 1 . . . . Hackware . | . . . . . . Protection 1 | . . . . . 1 Artifact . | . . . . . . Weapon 17 | 3 . . . 2 12 Energy Gun 6 | . . . . 1 5 Energy Cannon 1 | . . . . . 1 Ballistic Gun 9 | 3 . . . 1 5 Ballistic Cannon . | . . . . . . Launcher 1 | . . . . . 1 Special Weapon . | . . . . . . Impact Weapon . | . . . . . . Slashing Weapon . | . . . . . . Piercing Weapon . | . . . . . . Special Melee Weapon . | . . . . . . Unidentified Prototypes . | . . . . . . Parts Lost 31 | . . . . 4 27 Power 7 | . . . . 1 6 Propulsion 11 | . . . . 1 10 Utility 3 | . . . . . 3 Weapon 10 | . . . . 2 8 Highest Loss Streak 11 | . . . . 4 11 To Critical Strikes . | . . . . . . Average Slot Usage (%) 95 | . 99 100 100 98 85 Engine 11 | . 14 14 14 13 6 Core 2 | . . . . . 7 Leg 28 | . 28 28 28 27 28 Device 1 | . 8 . . . 4 Storage 12 | . 14 14 14 14 8 Processor 12 | . 4 14 14 14 9 Energy Gun 1 | . . . . . 5 Ballistic Gun 22 | . 28 28 28 26 7 Naked Turns . | . . . . . . Heaviest Build 163 | 12 13 17 47 47 163 Greatest Support 40 | 20 20 20 20 20 40 Greatest Overweight (x) 28 | . . . 2 2 28 Average Overweight (x) 1 | . . . 1 1 . Largest Inventory Capacity 25 | 8 8 10 20 20 25 Average Capacity 15 | 6 8 8 19 15 11 Most Carried 15 | 4 8 9 13 15 9 Average Carried 9 | 1 5 8 12 10 4 Final Capacity 25 | 8 8 10 20 5 25 Final Carried 13 | 2 8 9 13 5 2 Class Distribution -------------------- 77% | Mutant 22% | Scavenger-Mutant Dominant Class ---------------- Mutant | -10/Materials Mutant | -10/Mines Mutant | -10/Exiles Mutant | -9/Mines Scavenger-Mutant | -8/Materials Resources | -11 -10 -10 -10 -9 -8 ----------- Run | Yrd Mat Min Exi Min Mat Matter Collected 1443 | 185 181 26 . 242 809 Remotely . | . . . . . . Salvage Created 2014 | . 241 99 . 118 1556 Parts 102 | . 13 2 . 9 78 Haulers Intercepted . | . . . . . . Recyclers Shooed 9 | . 4 . . . 5 Parts Field Recycled . | . . . . . . Retrieved Matter . | . . . . . . Parts Self-Destructed . | . . . . . . Prevented . | . . . . . . Kills | -11 -10 -10 -10 -9 -8 ------- Run | Yrd Mat Min Exi Min Mat Combat Hostiles Destroyed 42 | . 5 2 . 3 32 Guns 30 | . 5 2 . 3 20 Cannons 8 | . . . . . 8 AOE 4 | . . . . . 4 Classes Destroyed 8 | . 4 . . . 4 Worker 3 | . . . . . 3 Recycler 4 | . 1 . . . 3 Watcher 4 | . 1 . . . 3 Swarmer 9 | . 3 . . . 6 Grunt 24 | . 2 2 . 3 17 Protector 1 | . . . . . 1 Sentry 7 | . . . . . 7 Hunter 1 | . . . . . 1 Best Kill Streak 4 | . 4 2 . 3 4 Combat Bots Only 4 | . 3 2 . 3 4 Max Kills in Single Turn 4 | . 2 1 . 1 4 Gunslinging . | . . . . . . Exploded 4 | . . . . . 4 Melee . | . . . . . . Uniques/NPCs Destroyed . | . . . . . . Combat | -11 -10 -10 -10 -9 -8 -------- Run | Yrd Mat Min Exi Min Mat Hostile Shots Fired 314 | . 21 17 . 31 245 Missed 74 | . 9 2 . 3 60 Damage Taken 3626 | . 119 196 . 327 2984 Core 651 | . 21 27 . 44 559 Absorbed by Shields . | . . . . . . Core Remaining (%) 81 | 100 . . . 63 . Volleys Fired 187 | . 24 7 . 19 137 Largest 2 | . 2 2 . 2 2 Hottest 130 | . 40 40 . 40 130 Shots Fired 337 | . 48 14 . 26 249 Gun 283 | . 48 14 . 26 195 Cannon 39 | . . . . . 39 Launcher 15 | . . . . . 15 Special . | . . . . . . Kinetic 234 | . 48 14 . 26 146 Thermal 88 | . . . . . 88 Explosive 15 | . . . . . 15 Electromagnetic . | . . . . . . Robot Hit Streak 13 | . 11 5 . 9 13 Robot Miss Streak 8 | . 8 1 . 1 3 Penetration Max . | . . . . . . Secondary Targets 6 | . 1 1 . . 4 Max Gunslinging Chain 1 | . 1 1 . . 1 Shots Hit Robots 238 | . 28 11 . 20 179 Core Hits 136 | . 12 5 . 7 112 Critical Kills . | . . . . . . Critical Parts Destroyed . | . . . . . . Critical Strikes 8 | . . . . . 8 Burn 8 | . . . . . 8 Melee Attacks . | . . . . . . Impact . | . . . . . . Slashing . | . . . . . . Piercing . | . . . . . . Sneak Attacks . | . . . . . . Combat Hostiles . | . . . . . . Follow-up Attacks . | . . . . . . Damage Inflicted 3963 | . 346 186 . 202 3229 Guns 2564 | . 346 186 . 202 1830 Cannons 675 | . . . . . 675 Explosions 699 | . . . . . 699 Melee . | . . . . . . Ramming 25 | . . . . . 25 Kinetic 2033 | . 346 186 . 202 1299 Thermal 1206 | . . . . . 1206 Explosive 699 | . . . . . 699 Electromagnetic . | . . . . . . Impact . | . . . . . . Slashing . | . . . . . . Piercing . | . . . . . . Highest Corruption . | . . . . . . Average Corruption . | . . . . . . Corruption Purged . | . . . . . . Corruption Blocked . | . . . . . . Overload Shots . | . . . . . . Overflow Damage 37 | . . . . . 37 Projectiles 18 | . . . . . 18 Explosions 19 | . . . . . 19 Melee . | . . . . . . Knockbacks . | . . . . . . Impact . | . . . . . . Kinetic . | . . . . . . Secondary . | . . . . . . Self-Inflicted Damage 72 | . . . . . 72 Shots 3 | . . . . . 3 Rammed 1 | . . . . . 1 Targets Rammed 7 | . . . . . 7 Kicked 6 | . . . . . 6 Crushed . | . . . . . . Highest Temperature 501 | . 2 26 . 19 501 Average Temperature 158 | . 2 9 . 7 168 Received Heat Transfer 1812 | . 36 129 . 180 1467 Effects 31 | . . . . . 31 Shutdowns 13 | . . . . . 13 Energy Bleed 2 | . . . . . 2 Interference 5 | . . . . . 5 Matter Decay 3 | . . . . . 3 Short Circuit 1 | . . . . . 1 Damage (minor) 1 | . . . . . 1 Damage (major) 6 | . . . . . 6 Siege Activations . | . . . . . . Robots Corrupted . | . . . . . . Combat Hostiles . | . . . . . . Parts Fried . | . . . . . . Impact Corruptions . | . . . . . . Robots Melted . | . . . . . . Combat Hostiles . | . . . . . . Parts Melted 4 | . . . . . 4 Heat Transferred 2849 | . . . . . 2849 Parts Sabotaged . | . . . . . . Parts Stolen . | . . . . . . Parts Stripped . | . . . . . . Power Chain Reactions . | . . . . . . Alert | -11 -10 -10 -10 -9 -8 ------- Run | Yrd Mat Min Exi Min Mat Peak Influence 610 | . 168 130 . 40 610 Initial 65 | . . 65 . . 15 Average 146 | . 67 123 . 2 285 Maximum Alert Level 2 | . . . . . 2 Low Security (%) 72 | 100 100 100 . 100 40 Level 1 7 | . . . . . 16 Level 2 19 | . . . . . 42 Level 3 . | . . . . . . Level 4 . | . . . . . . Level 5 . | . . . . . . High Security . | . . . . . . Max Security . | . . . . . . Squads Dispatched 10 | . . . . . 10 Investigation . | . . . . . . Extermination . | . . . . . . Reinforcement 3 | . . . . . 3 Assault 1 | . . . . . 1 Garrison 6 | . . . . . 6 Intercept . | . . . . . . Searches Triggered . | . . . . . . Construction Impeded . | . . . . . . Haulers Reinforced . | . . . . . . Active Scanning Responses . | . . . . . . Cargo Convoy Interrupts . | . . . . . . Stealth | -11 -10 -10 -10 -9 -8 --------- Run | Yrd Mat Min Exi Min Mat Distress Signals 4 | . 1 . . . 3 Communications Jammed . | . . . . . . Distress Signals . | . . . . . . Times Spotted 69 | . 11 2 . 3 53 Peak Tracking Total 6 | . 6 2 . 3 6 Tactical Retreats 1 | . . . . . 1 Traps | -11 -10 -10 -10 -9 -8 ------- Run | Yrd Mat Min Exi Min Mat Traps Triggered . | . . . . . . Indirectly . | . . . . . . Trap Hack Attempts . | . . . . . . Triggered . | . . . . . . Disarmed . | . . . . . . Reprogrammed . | . . . . . . Reused . | . . . . . . Traps Extracted . | . . . . . . Installed . | . . . . . . Triggered . | . . . . . . Machines | -11 -10 -10 -10 -9 -8 ---------- Run | Yrd Mat Min Exi Min Mat Machines Disabled 1 | . . . . . 1 Max in Single Turn 1 | . . . . . 1 Machines Repaired . | . . . . . . Machines Dismantled . | . . . . . . Machines Sabotaged . | . . . . . . Overloaded Fab Kills . | . . . . . . Hacking | -11 -10 -10 -10 -9 -8 --------- Run | Yrd Mat Min Exi Min Mat Machines Accessed 9 | . 2 . 4 . 3 Terminals 5 | . 2 . . . 3 Fabricators . | . . . . . . Repair Stations . | . . . . . . Recycling Units . | . . . . . . Scanalyzers . | . . . . . . Garrison Access . | . . . . . . Total Hacks 56 | . 2 . 49 . 5 Successful 53 | . 1 . 49 . 3 Failed 3 | . 1 . . . 2 Catastrophic . | . . . . . . Database Lockouts . | . . . . . . Manual . | . . . . . . Terminals 7 | . 2 . . . 5 Fabricators . | . . . . . . Repair Stations . | . . . . . . Recycling Units . | . . . . . . Scanalyzers . | . . . . . . Garrison Access . | . . . . . . Terminal Hacks 53 | . 1 . 49 . 3 Record 50 | . . . 49 . 1 Patrol Status 1 | . . . . . 1 Zone Layout 2 | . 1 . . . 1 Fabricator Hacks . | . . . . . . Repair Station Hacks . | . . . . . . Recycling Unit Hacks . | . . . . . . Scanalyzer . | . . . . . . Garrison Access Hacks . | . . . . . . Unauthorized Hacks . | . . . . . . Terminals . | . . . . . . Fabricators . | . . . . . . Repair Stations . | . . . . . . Recycling Units . | . . . . . . Scanalyzers . | . . . . . . Garrison Access . | . . . . . . Data Cores Recovered . | . . . . . . Used . | . . . . . . Hacking Detections 3 | . 1 . . . 2 Full Trace Events . | . . . . . . Feedback Events . | . . . . . . Feedback Blocked . | . . . . . . Robot Schematics Acquired . | . . . . . . Robots Built . | . . . . . . Authchips . | . . . . . . Time . | . . . . . . Total Robot Build Rating . | . . . . . . Part Schematics Acquired . | . . . . . . Parts Built . | . . . . . . Authchips . | . . . . . . Time . | . . . . . . Total Part Build Rating . | . . . . . . Parts Repaired . | . . . . . . Time . | . . . . . . Parts Recycled . | . . . . . . Recycled Matter . | . . . . . . Retrieved Matter . | . . . . . . Retrieved Components . | . . . . . . Parts Scanalyzed . | . . . . . . Part Schematics Acquired . | . . . . . . Parts Damaged . | . . . . . . Bothacking | -11 -10 -10 -10 -9 -8 ------------ Run | Yrd Mat Min Exi Min Mat Used RIF Installer . | . . . . . . Robots Hacked . | . . . . . . Non-combat . | . . . . . . Combat . | . . . . . . Robot Hacks Applied . | . . . . . . Relay Couplers Released . | . . . . . . Fabnet Peak Effective % . | . . . . . . Robots Rewired . | . . . . . . Allies Hacked . | . . . . . . Hacks Repelled . | . . . . . . Allies | -11 -10 -10 -10 -9 -8 -------- Run | Yrd Mat Min Exi Min Mat Total Allies . | . . . . . . Largest Group . | . . . . . . Highest-Rated Group . | . . . . . . Highest-Rated Ally . | . . . . . . Total Orders . | . . . . . . Ally Attacks . | . . . . . . Total Damage . | . . . . . . Kills . | . . . . . . Allies Corrupted . | . . . . . . Allies Melted . | . . . . . . Intel | -11 -10 -10 -10 -9 -8 ------- Run | Yrd Mat Min Exi Min Mat Robot Analysis Total . | . . . . . . Derelict Logs Recovered . | . . . . . . Drone Launches . | . . . . . . Drone Recoveries . | . . . . . . Exploration | -11 -10 -10 -10 -9 -8 ------------- Run | Yrd Mat Min Exi Min Mat Turns Passed 5327 | 61 255 127 2346 1140 1398 Spaces Moved 2359 | 47 145 82 948 529 608 Core 28 | 14 . . . . 14 Treads . | . . . . . . Legs 2331 | 33 145 82 948 529 594 Wheels . | . . . . . . Hover . | . . . . . . Flight . | . . . . . . Fastest Speed 50 | 50 120 120 120 120 120 Average Speed 197 | 99 120 120 245 201 156 Slowest Speed 1450 | 120 120 120 260 260 1450 Overloaded Moves . | . . . . . . Propulsion Burnouts . | . . . . . . Robots Hopped . | . . . . . . Cave-ins Triggered . | . . . . . . Exploration Rate (%) 45 | 4 29 17 92 84 46 Regions Visited 5 Branch Regions 3 Pre-discovered Areas 1 | . . . 1 . . Known Exits Taken . | . . . . . . Unknown Exits Taken 5 | 1 1 1 1 1 . Scrap Searched 3 | . . 1 . 2 . Spaces Dug . | . . . . . . Terrain Destroyed 133 | . . . . . 133 Melee . | . . . . . . Projectile 8 | . . . . . 8 AOE 125 | . . . . . 125 Terrain Rammed . | . . . . . . Walls Destroyed . | . . . . . . Machines Disabled . | . . . . . . Actions | -11 -10 -10 -10 -9 -8 --------- Run | Yrd Mat Min Exi Min Mat Total 2713 | 61 177 97 971 584 823 Wait 16 | . . . 16 . . Move 2354 | 46 144 81 947 528 608 Hop . | . . . . . . Pick Up 70 | 8 7 4 5 17 29 Fast Attach . | . . . . . . Attach 38 | 6 1 . . 5 26 Detach . | . . . . . . Swap 19 | 1 1 2 1 5 9 Drop 22 | . . 3 2 10 7 Fire 187 | . 24 7 . 19 137 Melee . | . . . . . . Ram 1 | . . . . . 1 Kick 6 | . . . . . 6 Crush . | . . . . . . Escape Stasis . | . . . . . . Rewire . | . . . . . . Trap . | . . . . . . Miscellaneous . | . . . . . . Route ------- -11/Scrapyard -10/Materials -10/Mines -10/Exiles (discovered 2 exits: [*Min x2]) -9/Mines -8/Materials History --------- Turn | Location | Event 14 | -11/Scrapyard | Discovered new exit (range 15) 62 | -11/Scrapyard | Entered Materials 298 | -10/Materials | Discovered new exit (range 16) 313 | -10/Materials | Build established: Mutant 317 | -10/Materials | Entered Mines 324 | -10/Mines | Met a Derelict bent on vengeance 369 | -10/Mines | Found a damaged Exp. Sensor Array with a note attached 374 | -10/Mines | Found Prototype Device 436 | -10/Mines | Deemed a non-threat by the Exiles lab entrance 437 | -10/Mines | Discovered new exit (range 5) 444 | -10/Mines | Entered Exiles 490 | -10/Exiles | Met 8R-AWN 515 | -10/Exiles | Met EX-HEX 614 | -10/Exiles | Met EX-DEC 754 | -10/Exiles | Learned location of Zion (-7) 976 | -10/Exiles | Discovered new exit (range 14) 1358 | -10/Exiles | Discovered new exit (range 15) 1614 | -10/Exiles | Visited The Gauntlet 2102 | -10/Exiles | Met EX-BIN 2790 | -10/Exiles | Entered Mines 3338 | -9/Mines | Received a Rocket Launcher from a helpful Derelict 3889 | -9/Mines | Lost 4 parts (1p1n2w) 3899 | -9/Mines | Discovered new exit (range 12) 3930 | -9/Mines | Entered Materials 3930 | -8/Materials | Evolved 4 slots: Power x1, Propulsion x2, Utility x1 4194 | -8/Materials | Build established: Scavenger-Mutant 4675 | -8/Materials | Lost 5 parts (1p2n1u1w) 4683 | -8/Materials | Garrison activated, responded to threat 4789 | -8/Materials | Garrison activated, responded to threat 4861 | -8/Materials | Lost 6 parts (1p2n1u2w) 5081 | -8/Materials | Core integrity fell below 50% 5130 | -8/Materials | First assault squad dispatched 5191 | -8/Materials | Core integrity fell below 20% 5198 | -8/Materials | Garrison activated, responded to threat 5277 | -8/Materials | Lost 11 parts (2p5n1u3w) 5328 | -8/Materials | Destroyed by Y-45 Defender with Beam Rifle Last Messages --------------- G-47 Trooper heat spikes uncontrollably. G-47 Trooper overheating. Aluminum Leg melted. G-47 Trooper destroyed. Acquired 26 matter. K-01 Serf collects debris. R-06 Scavenger collects Adv. Heat Sink. R-06 Scavenger collects Lgt. Nuclear Core. K-01 Serf collects debris. R-06 Scavenger collects Imp. Heat Sink. K-01 Serf collects debris. Acquired Aluminum Leg. K-01 Serf collects debris. [Achievement: Tank] Acquired 20 matter. K-01 Serf collects debris. R-06 Scavenger collects Lrg. Battery. K-01 Serf collects debris. R-06 Scavenger collects Power Amplifier. K-01 Serf collects debris. Map ----- +----------------------------------------------------+ | # #?? #??????# #??????????????????????? | | ### ## #??????# #??????????????????????? | | ?# =% #"S ==#??????# #??????????????????????? | | ?# ! #""" = #????### ############???????????? | | ## # "" #??? # ## #???????????? | | # # # ##? ## ## ! " #???????????? | | ####+######+########## # ! "G" #???????????? | | %# ![ " " #???????????? | | % %+% % % #???????????? | | [ %# #???????????? | | ###########+####+#+### # #???????????? | | ####### = !## ### ### % #???????????? | | ??????# ===##! !! ###+####### #####???????????? | | ??????# ===## !! ### /#???###???????????????? | | ??????# ===## ! #?# #?????????????????????? | | ?????#" ## ! #?#! #?????????????????????? | | ?????##] #########?# #?????????????????????? | | ??????########???? ??# #?##??????????????????? | | ???????????????????""??# Y + #??????????????????? | | ????????????????????" ?# % # #??????????????????? | | ????????????????????? ###Y## #??????????????????? | | ??????????????????????+ % #??????????????????? | | ??????????????????????# % +??????????????????? | | ??????????????????????#% % #??????????????????? | | ??????????????????????# %% #??????????????????? | | ??????????????????????# @ ####???????????????? | | ??????????????????????# / #?????????? | | ?????????????????????#T k T?????????? | | ?????????????????????## """" #?????????? | | ??????????????????????#o " """" #?????????? | | ??????????????????????# " " """" ???#?????????? | | ??????????????????????# ???????????????? | | ##### ????????????# ?????????????? | | ! ????????????a ?????????????? | | [%= ???????????? ###" "## ????????????? | | = ??????????? #??"""#?? ???????????? | | ##### ???????????#+###+#????##???????????????? | | ?????????????????????????????????????????????????? | | ?????????????????????????????????????????????????? | | ?????????????????????????????????????????????????? | | ?????????????????????????????????????????????????? | | ?????????????????????????????????????????????????? | | ?????????????????????????????????????????????????? | | ?????????????????????????????????????????????????? | | ?????????????????????????????????????????????????? | | ?????????????????????????????????????????????????? | | ?????????????????????????????????????????????????? | | ?????????????????????????????????????????????????? | | ?????????????????????????????????????????????????? | | | +----------------------------------------------------+ Best States ------------- Heat Dissipation 31 Energy Generation 23 Energy Capacity 220 Matter Stores 450 Matter Capacity 450 Sight Range 16 Robot Scan Range 14 Terrain Scan Density 10 Armor Coverage 225 Evasion (%) 55 Targeting Accuracy 5 Item Schematics ----------------- None Robot Schematics ------------------ None Fabricated ------------ Nothing Alien Tech Used ----------------- None Achievements -------------- Hey, That's Mine! Storm Trooper Tank Challenges ------------ None Game ------ Seed IntegrityHackingFragment Manual? 0 Play Time 00:48:29 Cumulative 3.1 hours Start 2024.04.03 @ 11:56:04 End 2024.04.03 @ 12:46:52 Sessions 1 Manual Loads 0 Difficulty Rogue Special Mode None Game No. 3 Rogue 1 Adventurer 0 Explorer 2 Win Type - Total 0 Types 0/0/0/0/0/0/0/0/0 Lore% 11 Gallery% 9 Achievement% 10 Wizard Run 0 Options --------- Layout 1 ASCII 0 Keyboard 0 Movement Arrows Keybinds 0 Fullscreen 1 Font 24/Smallcaps Map View 50x35 Zoom Use 0% Tactical HUD 0 Map Filters NONE Filters NONE Steam 1 RUN: a210149e-d2fd-4c01-9875-10caf483fb34